AoeStats
← aniketkulkarni0308

Arena

509661561Analyzed
4v4 RM · 5d ago on Sep 27, 2026· 52m 22s· 8 players
Game mode
Random Map
Map size
Large (8 player)
Population
200
Speed
Normal
Resources
Standard
Victory
Conquest
Starting age
Dark Age
Ending age
Imperial Age
RankedLock teamsTeams togetherTeam positionsShared explorationLock speedFull tech treeHidden civsTurbo modeCheats
Victory
Defeat
🇦🇹 Varangians · Austria
954
+16
🇵🇱 Poles · Poland
954
+16
🇫🇷 Franks · France
953
+16
🇬🇧 Spanish · United Kingdom
928
+16
🇮🇹 Persians · Italy
964
-18
958
-16
🇨🇳 Britons · China
948
-16
🇲🇽 Saxons · Mexico
905
-14
WOODS3851
10:31 Feudal Age
14:10 Wheelbarrow
13:28 Double-Bit Axe
13:29 Horse Collar
15:56 Bloodlines
20:29 Castle Age
19:12 Forging
20:27 Scale Barding Armor
20:13 Fletching
23:55 Stone Mining
23:58 Gold Mining
24:27 Bow Saw
26:02 Loom
25:57 Elite Skirmisher
26:43 Husbandry
28:03 Chain Barding Armor
29:15 Heavy Plow
31:02 Iron Casting
30:54 Bodkin Arrow
31:32 Town Watch
36:00 Imperial Age
33:55 Hand Cart
37:01 Cavalier
40:19 Plate Barding Armor
40:45 Blast Furnace
40:41 Conscription
41:17 Ballistics
41:58 Chemistry
43:12 Bracer
43:39 Pikeman
44:22 Squires
45:18 Scale Mail Armor
47:09 Masonry
48:24 Hoardings
48:10 Paladin
51:56 Halberdier
PoacherCrooks
0:36 Loom
11:42 Feudal Age
16:29 Castle Age
15:24 Stone Mining
15:32 Double-Bit Axe
16:00 Gold Mining
17:40 Bow Saw
18:15 Gold Shaft Mining
23:19 Wheelbarrow
22:30 Town Watch
27:46 Hand Cart
27:32 Town Patrol
32:15 Imperial Age
34:50 Chemistry
33:56 Siege Engineers
35:44 Chivalry
36:05 Conscription
39:13 Scale Barding Armor
39:08 Scale Mail Armor
39:19 Forging
38:59 Arrowslits
39:24 Fortified Wall
39:10 Murder Holes
38:56 Treadmill Crane
39:26 Masonry
39:37 Ballistics
39:28 Husbandry
38:49 Cavalier
38:49 Light Cavalry
39:16 Arson
39:32 Squires
38:53 Pikeman
38:53 Man-at-Arms
39:19 Gambesons
40:13 Hoardings
38:58 Elite Throwing Axeman
38:59 Ordonnance Companies
40:34 Paladin
46:57 Chain Barding Armor
46:53 Chain Mail Armor
47:14 Iron Casting
47:13 Architecture
50:05 Plate Barding Armor
50:01 Plate Mail Armor
Bantum
8:05 Loom
11:09 Feudal Age
12:53 Double-Bit Axe
12:53 Horse Collar
15:47 Castle Age
17:34 Stone Mining
18:16 Gold Mining
19:16 Heavy Plow
23:22 Wheelbarrow
24:32 Bloodlines
25:34 Scale Barding Armor
25:48 Forging
27:16 Chain Barding Armor
28:55 Iron Casting
30:08 Scale Mail Armor
30:49 Pikeman
34:03 Imperial Age
32:09 Squires
32:25 Chain Mail Armor
34:10 Halberdier
36:45 Plate Mail Armor
37:15 Blast Furnace
37:39 Blast Furnace
38:06 Stone Shaft Mining
41:13 Bow Saw
42:53 Hand Cart
43:46 Elite Varangian Guard
44:14 Capped Ram
45:14 Siege Ram
46:19 Fortified Wall
giancarlo7
10:18 Feudal Age
11:50 Wheelbarrow
10:58 Horse Collar
11:07 Double-Bit Axe
17:40 Castle Age
15:53 Stone Mining
16:22 Gold Mining
16:57 Forging
17:07 Scale Mail Armor
17:45 Scale Barding Armor
20:03 Hand Cart
20:55 Husbandry
21:36 Bow Saw
28:30 Imperial Age
27:21 Szlachta Privileges
28:01 Chain Barding Armor
28:16 Chain Mail Armor
30:00 Conscription
31:44 Plate Mail Armor
31:20 Cavalier
34:45 Iron Casting
38:02 Light Cavalry
38:52 Bloodlines
42:14 Capped Ram
44:39 Siege Ram
45:38 Elite Obuch
45:49 Winged Hussar
52:51 Lechitic Legacy
aniketkulkarni0308
7:09 Double-Bit Axe
11:32 Feudal Age
15:31 Castle Age
15:21 Bow Saw
17:50 Horse Collar
19:10 Burgundian Vineyards
20:14 Stone Mining
22:56 Wheelbarrow
24:03 Hand Cart
24:03 Town Watch
25:52 Scale Barding Armor
26:03 Loom
27:11 Horse Collar
29:07 Fletching
29:40 Chain Barding Armor
30:22 Bodkin Arrow
32:19 Forging
34:26 Iron Casting
39:08 Imperial Age
El viejo7335
2:22 Loom
9:46 Feudal Age
15:47 Horse Collar
18:48 Castle Age
18:03 Double-Bit Axe
19:19 Stone Mining
19:37 Arson
20:18 Squires
20:05 Gambesons
20:23 Heavy Plow
23:06 Pikeman
28:41 Bow Saw
29:15 Gold Mining
34:52 Imperial Age
33:31 Padded Archer Armor
33:44 Forging
33:40 Scale Barding Armor
34:50 Scale Mail Armor
35:07 Leather Archer Armor
35:02 Clerical Recruitment
36:28 Wheelbarrow
35:41 Town Watch
35:59 Halberdier
36:57 Elite Varangian Guard
39:42 Ballistics
39:04 Treadmill Crane
40:53 Chain Mail Armor
41:57 Chemistry
40:58 Murder Holes
42:03 Gold Shaft Mining
41:46 Masonry
42:36 Plate Mail Armor
42:42 Iron Casting
42:43 Shield Wall
45:01 Ring Archer Armor
Manutra
10:25 Feudal Age
14:13 Castle Age
12:10 Horse Collar
12:51 Double-Bit Axe
15:28 Bow Saw
15:33 Heavy Plow
21:18 Gold Mining
23:36 Wheelbarrow
24:37 Gold Shaft Mining
23:54 Stone Mining
24:25 Hand Cart
25:51 Loom
28:42 Imperial Age
26:54 Stone Shaft Mining
27:41 Scale Barding Armor
27:48 Forging
27:39 Padded Archer Armor
27:30 Fletching
27:52 Husbandry
27:53 Elite Skirmisher
28:55 Chain Barding Armor
28:35 Heavy Camel Rider
30:21 Two-Man Saw
30:44 Iron Casting
30:25 Leather Archer Armor
31:10 Crop Rotation
30:39 Bodkin Arrow
31:40 Ballistics
31:59 Plate Barding Armor
30:46 Cavalier
32:24 Conscription
32:57 Savar
34:13 Ring Archer Armor
34:49 Blast Furnace
35:14 Elite War Elephant
Leo
9:39 Feudal Age
18:47 Castle Age
17:55 Stone Mining
18:28 Double-Bit Axe
18:26 Horse Collar
22:25 Bow Saw
22:46 Heavy Plow
27:06 Fortified Wall
27:52 Pikeman
29:26 Forging
36:42 Imperial Age
36:26 Ballistics
36:03 Fletching
36:14 Padded Archer Armor
36:18 Squires
36:06 Gambesons
38:26 Chemistry
37:57 Conscription
37:33 Gold Mining
39:06 Two-Man Saw
38:06 Bodkin Arrow
39:48 Wheelbarrow
41:31 Bracer
42:17 Yeomen
42:42 Leather Archer Armor
42:45 Hand Cart
42:48 Siege Engineers
42:07 Halberdier
44:15 Elite Longbowman
50:03 Warwolf
Connection lost

Rejoining the realm…

Still unreachable

The connection could not be restored.

Session expired

The server has moved on; the page needs a fresh start.